 Dungeon Crawl Stone Soup version 0.30.1-11-g7821555f0a (webtiles) character file.

Game seed: 13045070069826633249

114 Marvel the Chopper (level 4, 0/40 HPs)
             Began as a Hill Orc Fighter on Dec 20, 2023.
             Slain by a gnoll
             ... wielding a +0 flail
             ... led by a gnoll bouda
              (1 damage)
             ... on level 3 of the Dungeon.
             The game lasted 00:02:07 (1514 turns).

Marvel the Chopper (Hill Orc Fighter)               Turns: 1514, Time: 00:02:07

Health: 0/40       AC: 10    Str: 20    XL:     4   Next: 98%
Magic:  4/4        EV:  9    Int:  8    God:
Gold:   192        SH:  4    Dex: 10    Spells: 3/3 levels left

rFire   . . .        a - +0 war axe
rCold   . . .        c - +0 buckler
rNeg    . . .        b - +0 scale mail
rPois   +            (no helmet)
rElec   .            (no cloak)
rCorr   .            (no gloves)
SInv    .            i - +2 pair of boots
Will    .....        (no amulet) Stlth
                     k - ring of poison resistance
HPRegen 0.26/turn    (no ring)
MPRegen 0.09/turn

%: no passive effects
@: weakened
A: no striking features
a: no special abilities


You were on level 3 of the Dungeon.
You visited 1 branch of the dungeon, and saw 3 of its levels.

You collected 192 gold pieces.

Inventory:

Hand Weapons
 a - a +0 war axe (weapon)
Armour
 b - a +0 scale mail (worn)
 c - a +0 buckler (worn)
 i - a +2 pair of boots (worn)
Jewellery
 k - a ring of poison resistance (left hand)
 o - an amulet of regeneration
Scrolls
 e - a scroll of identify {unknown}
 f - a scroll of poison {unknown}
 j - a scroll of brand weapon {unknown}
 l - 2 scrolls of teleportation {unknown}
Potions
 d - a potion of might
 g - a potion of resistance {unknown}
 h - a potion of magic {unknown}
 m - a potion of curing {unknown}
 n - a potion of attraction {unknown}
 p - a potion of degeneration {unknown}


   Skills:
 + Level 4.3 Fighting
 + Level 4.7 Axes
 + Level 4.1 Armour
 + Level 3.8 Shields


You had 3 spell levels left.
You didn't know any spells.
Your spell library contained the following spells:

 Spells                   Type           Power      Damage    Failure   Level
 Lesser Beckoning         Tloc           0%         N/A       92%         2
 Gell's Gravitas          Tloc           0%         N/A       99%         3
 Teleport Other           Tloc           0%         N/A       99%         3


Dungeon Overview and Level Annotations

Branches:
Dungeon (3/15)

Altars:


Message History

You closely miss the gnoll bouda. The gnoll hits you with a +0 flail.
The gnoll hits you but does no damage.
You hit the gnoll.
The gnoll is moderately wounded.
You hit the gnoll.
You hit the gnoll bouda but do no damage.
You completely miss the gnoll. The gnoll closely misses you.
The gnoll hits you but does no damage.
The gnoll bouda hits you with a +1 whip of freezing!
The gnoll bouda freezes you.
The gnoll hits you but does no damage. x2
The gnoll barely misses you. The gnoll bouda barely misses you.
You slash the gnoll!
The gnoll is almost dead.
You hit the gnoll. x2; You closely miss the gnoll bouda.
You block the gnoll's attack. The gnoll hits you but does no damage.
The gnoll hits you with a +0 flail.
The gnoll bouda gazes fiercely through you!
You feel as though you will be weak longer.
The gnoll bouda hits you but does no damage.
The gnoll hits you with a +0 spear.
You are too injured to fight recklessly!
You are too injured to fight recklessly!
You barely miss the gnoll.
The gnoll is almost dead.
You hit the gnoll. x2
You kill the gnoll!
You barely miss the gnoll bouda. The gnoll barely misses you.
The gnoll hits you with a +0 flail!
* * * LOW HITPOINT WARNING * * *
The gnoll bouda hits you but does no damage.
You hit the gnoll but do no damage.
The gnoll is almost dead.
You barely miss the gnoll bouda. You barely miss the gnoll.
You block the gnoll's attack. The gnoll barely misses you.
The gnoll bouda hits you with a +1 whip of freezing!
* * * LOW HITPOINT WARNING * * *
The gnoll bouda freezes you.
* * * LOW HITPOINT WARNING * * *
The gnoll attacks as you move away! The gnoll hits you with a +0 flail.
You die...

###.....##
........#
........#
#.......
#...... # #
#..#.##.#
#.#ggg....#
#..)@).#
####.###
#.####
#....# ..
####.# ...
#.# ... #.#
#.# #.# #.#
#.#


You could see a gnoll bouda and 2 gnolls.

Vanquished Creatures
  4 adders
  2 gnolls (D:3)
  A worm (D:2)
  2 dart slugs (D:1)
  2 giant cockroaches
  10 goblins
  4 hobgoblins
  2 quokkas
  5 ball pythons
  7 bats
  4 frilled lizards
  7 kobolds
  3 rats
53 creatures vanquished.

Notes
Turn   | Place    | Note
-------+----------+-------------------------------------------
     0 | D:1      | Marvel the Hill Orc Fighter began the quest for the Orb.
     0 | D:1      | Reached XP level 1. HP: 19/19 MP: 1/1
    65 | D:1      | Reached XP level 2. HP: 27/27 MP: 2/2
   309 | D:1      | Reached XP level 3. HP: 33/33 MP: 3/3
   986 | D:2      | Reached XP level 4. HP: 40/40 MP: 4/4
  1513 | D:3      | HP: 1/40 [gnoll bouda/+1 whip of freezing (4)]
  1514 | D:3      | Slain by a gnoll

Illustrated notes

Levels and vault maps discovered:
D:1:      scummos_arrival_simple_fountains, layout_rooms
D:2:      layout_loops_cross, serial_bayou_pond_c
D:3:      layout_loops_cross, shapermc_ecumenical_altar_hornbeckon

Skill      XL: |  1  2  3  4 |
---------------+-------------+-----
Axes           | 3 4 |  4.7
Fighting       | 4 |  4.3
Armour         | 4 |  4.1
Shields        | |  3.8

Action                     |  1- 3 |  4- 6 || total
---------------------------+-------+-------++-------
  Melee: War axe           |    97 |    60 ||   157
 Armour: Scale mail        |    42 |    43 ||    85
  Dodge: Dodged            |    48 |    39 ||    87
  Block: Buckler           |    23 |    22 ||    45
